 Dungeon Crawl Stone Soup version 0.29.1-debian-1-gc3f1650bb9 (webtiles) character file.

Game seed: 11463107910307878654

81 MisterAzrael the Magician (level 4, -4/33 HPs)
             Began as a Djinni Fire Elementalist on Sept 12, 2022.
             Slain by a gnoll
             ... wielding a +0 flail
              (5 damage)
             ... on level 3 of the Dungeon.
             The game lasted 00:02:42 (2154 turns).

MisterAzrael the Magician (DjFE)                    Turns: 2154, Time: 00:02:43

Health: -4/33      AC:  6    Str: 15    XL:     4   Next: 68%
Gold:   83         EV: 12    Int: 16    God:
                   SH:  0    Dex: 14

rFire   + + .      SeeInvis .   f - +2 short sword (flame)
rCold   x . .      Faith    .   (no shield)
rNeg    . . .      Spirit   .   a - +0 robe
rPois   ∞          Reflect  .   j - +0 hat
rElec   .          Harm     .   (no cloak)
rCorr   .          Rampage  .   (no gloves)
Will    .....                   (boots unavailable)
Stlth   ++........              (no amulet)
HPRegen 0.11/turn               d - +4 ring of protection
MPRegen 0.00/turn               h - +6 ring of strength

@: flying, very slightly contaminated
A: sickness immunity, fire resistance 2, cold vulnerability 1, float, innate
caster, HP casting, extra vitality 1
a: no special abilities


You were on level 3 of the Dungeon.
You visited 1 branch of the dungeon, and saw 3 of its levels.

You collected 83 gold pieces.

Inventory:

Hand Weapons
 f - a +2 short sword of flaming (weapon)
Missiles
 l - 2 throwing nets
Armour
 a - a +0 robe (worn)
 j - a +0 hat (worn)
Jewellery
 d - a +4 ring of protection (left hand)
 g - a ring of resist corrosion
 h - a +6 ring of strength (right hand)
Scrolls
 i - 7 scrolls of identify {unknown}
 m - a scroll of fear {unknown}
Potions
 b - a potion of invisibility {unknown}
 c - a potion of flight {unknown}
 e - a potion of haste {unknown}
 k - a potion of curing {unknown}
 n - a potion of degeneration {unknown}


   Skills:
 + Level 2.2 Fighting
 - Level 2.5 Dodging
 - Level 1.8 Stealth
 + Level 3.2 Spellcasting


You couldn't memorise any spells.
You knew the following spells:

 Your Spells              Type           Power      Damage    Failure   Level
a - Foxfire               Conj/Fire      48%        2x1d6     4%          1
b - Scorch                Fire           24%        2d6       8%          2
c - Kindle Blastsparks    Fire/Tloc/Air  24%        2d12      14%         3
d - Inner Flame           Hex/Fire       12%        N/A       14%         3
e - Flame Wave            Conj/Fire      12%        2d6       43%         4
f - Shock                 Conj/Air       48%        1d6       4%          1
Your spell library was empty.

Dungeon Overview and Level Annotations

Branches:
Dungeon (3/15)

Altars:


Innate Abilities, Weirdness & Mutations

You are immune to sickness and miasma.
You are immune to poison.
Your flesh is very heat resistant. (rF++)
You are vulnerable to cold. (rC-)
You float through the air rather than walking.
You learn spells naturally, not from books.
Your magical power is your life essence.
You have superior vitality. (+4 MHP)


Message History

The foxfire hits the rat.
You kill the rat!
The gnoll hits you from afar with a +0 halberd!
You fly upwards.
There is a stone staircase leading down here.
You start resting.
HP restored.
There is a stone staircase leading down here.
Casting: Foxfire (safe; 4% risk of failure)
Confirm with . or Enter, or press ? or * to list all spells.
The spell is quite dangerous to miscast (14% risk of failure)!
Continue anyway?
Okay, then.
Casting: Kindle Blastsparks (quite dangerous; 14% risk of failure)
Confirm with . or Enter, or press ? or * to list all spells.
The spell is quite dangerous to miscast (14% risk of failure)!
Continue anyway?
A cloud of volatile blastsparks flares up around you!
There is a stone staircase leading down here.
There is a stone staircase leading down here.
You fly downwards.
The gnoll hits you with a +0 flail.
There is a stone staircase leading up here.
You conjure some foxfire!
The gnoll closely misses you. x2
You conjure some foxfire!
The foxfire hits the gnoll but does no damage.
The foxfire hits the gnoll.
The gnoll is lightly wounded.
The gnoll barely misses you. The gnoll misses you.
Your foxfire dissipates!
The foxfire hits the gnoll but does no damage.
The gnoll hits you from afar with a +0 halberd.
The gnoll hits you from afar with a +0 halberd!
The gnoll attacks as you move away! The gnoll hits you with a +0 flail.
Casting: Foxfire (safe; 4% risk of failure)
Confirm with . or Enter, or press ? or * to list all spells.
The spell is quite dangerous to miscast (14% risk of failure)!
Continue anyway?
You miscast Kindle Blastsparks.
You are very lightly contaminated with residual magic.
Sparks of electricity dance around you!
* * * LOW HITPOINT WARNING * * *
x2 The gnoll hits you with a +0 flail.
You die...

#....#.##
#.......#
#.......#
#...!...#
#.......##
#........# .
#........##.!..
+...@g.<....#
#.....g)###...#
#.......# .
######:...
#......
#.>.....
#.......
#.......


You could see 2 gnolls.

Vanquished Creatures
  An iguana (D:2)
  A gnoll (D:3)
  An adder (D:2)
  3 endoplasms
  3 giant cockroaches
  2 goblins
  3 hobgoblins
  5 jackals
  A quokka (D:1)
  4 ball pythons
  A bat (D:2)
  3 frilled lizards
  3 kobolds
  4 rats
35 creatures vanquished.

Vanquished Creatures (others)
  124 foxfires
124 creatures vanquished.

Grand Total: 159 creatures vanquished

Notes
Turn   | Place    | Note
-------+----------+-------------------------------------------
     0 | D:1      | MisterAzrael the Djinni Fire Elementalist began the quest
                  | for the Orb.
     0 | D:1      | MisterAzrael set off with the following spells memorised:
                  | Foxfire, Scorch, Kindle Blastsparks, Inner Flame, Flame
                  | Wave.
     0 | D:1      | Reached XP level 1. HP: 15/15 MP: 0/0
   112 | D:1      | Found a faded altar of an unknown god.
   581 | D:1      | Reached XP level 2. HP: 19/21 MP: 0/0
  1022 | D:1      | Reached skill level 1 in Fighting
  1022 | D:1      | Reached XP level 3. HP: 26/27 MP: 0/0
  1022 | D:1      | Learned a level 1 spell: Shock
  1746 | D:2      | Reached skill level 3 in Spellcasting
  1746 | D:2      | Reached XP level 4. HP: 29/33 MP: 0/0
  2154 | D:3      | HP: 1/33 [something (7)]
  2154 | D:3      | Slain by a gnoll

Illustrated notes

Levels and vault maps discovered:
D:1:      tarquinn_simple_flora_water_b, layout_rooms, serial_curves,
          eino_curves_03, eino_curves_02,
          shapermc_ecumenical_altar_mp_highgroup, roderic_serpentine_path,
          due_unseen_surprise
D:2:      layout_rooms, minivault_11, minmay_diced_spiral
D:3:      layout_basic, serial_shops, nicolae_lakefront_shop, uniq_robin,
          uniq_grinder

Skill      XL: |  1  2  3 |
---------------+----------+-----
Fighting       | 1 2 |  2.2
Spellcasting   | 3 |  3.2
Dodging        | |  2.5
Stealth        | |  1.8

Action                   |  1- 3 |  4- 6 || total
-------------------------+-------+-------++-------
Melee: Short sword       |    15 |       ||    15
 Cast: Foxfire           |    56 |    14 ||    70
       Kindle Blastspark |       |     1 ||     1
 Stab: Sleeping          |     2 |       ||     2
Armor: Robe              |    17 |       ||    17
Dodge: Dodged            |    33 |     6 ||    39
